 Dungeon Crawl Stone Soup version 0.30-a0-777-ga9a30cbeda (webtiles) character file.

Game seed: 9510716248230475713

144 Crownlay the Firebug (level 5, -1/38 HPs)
             Began as a Hill Orc Fire Elementalist on Feb 13, 2023.
             Slain by an orc wizard
             ... wielding a +0 dagger
              (2 damage)
             ... on level 3 of the Dungeon.
             The game lasted 00:03:52 (2854 turns).

Crownlay the Firebug (Hill Orc Fire Elementalist)   Turns: 2854, Time: 00:03:53

Health: -1/38      AC:  6    Str: 11    XL:     5   Next: 27%
Magic:  3/8        EV: 12    Int: 17    God:
Gold:   161        SH:  0    Dex: 11    Spells: 2/8 levels left

rFire   . . .      SeeInvis .    n - +0 dagger (drain)
rCold   . . .      Faith    .    (no shield)
rNeg    . . .      Spirit   .    a - +0 robe
rPois   .          Reflect  .    (no helmet)
rElec   .          Harm     .    (no cloak)
rCorr   .          Rampage  .    i - +2 pair of gloves
Will    .....                    f - +0 pair of boots
Stlth   +                        (no amulet)
HPRegen 0.26/turn                (no ring)
MPRegen 0.11/turn                (no ring)

@: confused
A: no striking features
a: Convert to Beogh


You were on level 3 of the Dungeon.
You visited 1 branch of the dungeon, and saw 3 of its levels.

You collected 161 gold pieces.

Inventory:

Hand Weapons
 n - a +0 dagger of draining (weapon)
Armour
 a - a +0 robe (worn)
 f - a +0 pair of boots (worn)
 i - a +2 pair of gloves (worn)
Jewellery
 k - a ring of flight
Scrolls
 c - a scroll of fear
 d - a scroll of identify
 e - a scroll of amnesia {unknown}
 l - a scroll of noise {unknown}
 m - a scroll of teleportation {unknown}
Potions
 b - a potion of magic
 g - 2 potions of attraction
 j - a potion of berserk rage {unknown}


   Skills:
 - Level 1.5 Dodging
 - Level 1.5 Stealth
 + Level 2.3 Spellcasting
 + Level 2.3 Conjurations
 + Level 1.1 Hexes
 * Level 4.9 Fire Magic


You had 2 spell levels left.
You knew the following spells:

 Your Spells              Type           Power      Damage    Failure   Level
a - Foxfire               Conj/Fire      56%        2x1d6     4%          1
b - Scorch                Fire           36%        2d7       3%          2
c - Inner Flame           Hex/Fire       12%        N/A       16%         3

Your spell library contained the following spells:

 Spells                   Type           Power      Damage    Failure   Level
 Sublimation of Blood     Necr           1%         N/A       28%         2
 Kindle Blastsparks       Fire/Tloc/Air  14%        2d11      28%         3
 Flame Wave               Conj/Fire      14%        2d6       38%         4
 Petrify                  Tmut/Erth      1%         N/A       88%         4
 Irradiate                Conj/Tmut      2%         3d12      97%         5


Dungeon Overview and Level Annotations

Branches:
Dungeon (3/15)

Altars:
Vehumet


Message History

Something hits you but does no damage.
You miss something.
The foxfire hits something but does no damage.
Something barely misses you.
Casting: Foxfire (safe; 4% risk of failure)
Confirm with . or Enter, or press ? or * to list all spells.
You conjure some foxfire!
The foxfire hits something.
Casting: Foxfire (safe; 4% risk of failure)
Confirm with . or Enter, or press ? or * to list all spells.
Nothing appears to happen.
The orc priest barely misses you.
Casting: Foxfire (safe; 4% risk of failure)
Confirm with . or Enter, or press ? or * to list all spells.
Nothing appears to happen.
You hear some strange, mumbled words.
You are confused.
The orc priest closely misses you.
You're too confused to cast spells.
Okay, then.
Unknown command.
You bump into the rock wall.
Something hits you but does no damage.
The orc priest hits you but does no damage.
You hit the orc priest.
The orc priest is lightly wounded.
You hear some strange, mumbled words.
A magic dart appears from out of thin air!
The magic dart hits you.
* * * LOW HITPOINT WARNING * * *
The orc priest barely misses you.
You bump into the rock wall.
An orc comes into view. It is wielding a +0 whip.
Something hits you but does no damage. The orc priest hits you with a +0 club.
* * * LOW HITPOINT WARNING * * *
You're too confused to move!
The orc shouts!
The orc priest threatens, "By the altar or by the axe, you will meet Beogh!"
Something hits you.
* * * LOW HITPOINT WARNING * * *
The orc priest completely misses you.
You bump into the rock wall.
Something hits you.
You die...

#################
#...........ooo@#
#.#############{# o.
########'#o###########
.
.............##......#
##+++###.....##......#
##............#
##'##........#
####........# .....#
###......#


You could see an orc priest, an orc wizard and 2 orcs.

Vanquished Creatures
  An orc priest (D:3)
  Natasha (D:3)
  3 adders
  3 worms
  2 orcs (D:3)
  A ball python (D:1)
  3 bats
  8 endoplasms
  3 giant cockroaches
  5 goblins
  3 hobgoblins
  3 jackals (D:2)
  2 quokkas
  2 frilled lizards (D:2)
  6 kobolds
  4 rats
50 creatures vanquished.

Vanquished Creatures (others)
  184 foxfires
184 creatures vanquished.

Grand Total: 234 creatures vanquished

Notes
Turn   | Place    | Note
-------+----------+-------------------------------------------
     0 | D:1      | Crownlay the Hill Orc Fire Elementalist began the quest for
                  | the Orb.
     0 | D:1      | Reached XP level 1. HP: 14/14 MP: 3/3
   377 | D:1      | Reached XP level 2. HP: 17/20 MP: 1/4
  1027 | D:1      | Reached XP level 3. HP: 26/26 MP: 0/5
  1147 | D:2      | Reached skill level 4 in Fire Magic
  1729 | D:2      | Learned a level 2 spell: Scorch
  1733 | D:2      | Learned a level 3 spell: Inner Flame
  1802 | D:2      | Reached XP level 4. HP: 33/33 MP: 3/7
  2109 | D:2      | Found a faded altar of an unknown god.
  2515 | D:3      | Found a radiant altar of Vehumet.
  2531 | D:3      | Noticed Natasha
  2537 | D:3      | Killed Natasha
  2627 | D:3      | Reached skill level 1 in Hexes
  2627 | D:3      | Reached XP level 5. HP: 24/38 MP: 0/8
  2838 | D:3      | HP: 1/38 [orc priest/divine providence (10)]
  2853 | D:3      | HP: 1/38 [something (4)]
  2854 | D:3      | Slain by an orc wizard

Illustrated notes

Levels and vault maps discovered:
D:1:      saegor_arrival_simple_c, layout_basic, hex_large
D:2:      layout_loops_cross, shapermc_ecumenical_altar_notcrosses,
          mrwooster_statue_mirror
D:3:      layout_basic, cheibriados_altar_1, nicolae_tso_carved_into_rock,
          mainiacjoe_overflow_brackets, kennysheep_donut, minmay_circle_x,
          uniq_grinder, uniq_natasha

Skill      XL: |  1  2  3  4 |
---------------+-------------+-----
Fire Magic     | 4 |  4.9
Spellcasting   | 2 |  2.3
Conjurations   | 2 |  2.3
Hexes          | 1 |  1.1
Dodging        | |  1.5
Stealth        | |  1.5

Action                     |  1- 3 |  4- 6 || total
---------------------------+-------+-------++-------
  Melee: Unarmed           |    41 |     4 ||    45
         Dagger            |       |     7 ||     7
   Cast: Foxfire           |    81 |    40 ||   121
         Scorch            |       |     2 ||     2
    Use: Scroll            |       |     3 ||     3
         Potion            |       |     2 ||     2
 Armour: Robe              |    30 |    14 ||    44
  Dodge: Dodged            |    55 |    20 ||    75

Table legend: (Time is in decaauts)
 A = Elapsed time spent in this place.
 B = Non-inter-level travel time spent in this place.
 C = Inter-level travel time spent in this place.
 D = Time resting spent in this place.
 E = Time spent auto-exploring this place.
 F = Levels seen in this place.
 G = Mean time per level.
                   A        B        C        D        E       F      G
               +--------+--------+--------+--------+--------+-----+--------+
         Total |   2855 |   2796 |     59 |      0 |   2366 |   3 |  951.7 |
       Dungeon |   2855 |   2796 |     59 |      0 |   2366 |   3 |  951.7 |
               +--------+--------+--------+--------+--------+-----+--------+

Top non-repeatable levels by time:
     D:2: 1393 daAuts
     D:1: 1190 daAuts
     D:3: 270 daAuts
